Map: Ulrena

Players

Gracz

  • Race: Zerg Zerg

SI 1 (Bardzo łatwa) - Winner!

  • Race: Protoss Protoss

VOD

Have the link to the VOD?

Description

Time

  • Played on: Feb. 26, 2016, 11:53 a.m.
  • Length: 38:43
Show
View Real Time Build Order
Export as new Build Order

Gracz Zerg 

Build Orders: Pool First 

Get SALT Encoding   

  12  0:03  Drone  
  13  0:23  Drone  
  13  0:24  Overlord  
  14  0:33  Extractor  
  13  0:41  Spawning Pool  
  12  0:59  Drone  
  12  1:00  Drone  
  12  1:01  Drone  
  15  1:29  Zergling x2  
  15  1:30  Zergling x2  
  17  1:52  Zergling x4  
  19  2:04  Metabolic Boost  
  17  2:42  Zergling x4  
  17  2:43  Zergling x2  
  20  2:51  Extractor  
  15  5:06  Evolution Chamber  
  14  5:08  Drone x3  
  16  5:30  Zergling x2  
  16  5:31  Zergling x2  
  16  5:35  Zerg Melee Weapons Level 1  
  18  5:48  Roach Warren  
  17  6:35  Lair  
  17  6:44  Baneling Nest  
  15  7:08  Roach x2  
  18  7:09  Zergling x2  
  19  7:29  Zerg Ground Armor Level 1  
  19  7:40  Glial Reconstitution  
  16  8:02  Zergling x6  
  16  8:28  Queen  
  18  8:35  Zergling x4  
  18  8:37  Centrifical Hooks  
  20  8:51  Spire  
  19  9:04  Queen  
  21  9:24  Overlord  
  21  9:25  Overlord  
  21  9:56  Zerg Ground Armor Level 2  
  17  11:28  Corruptor  
  17  11:29  Corruptor  
  21  11:50  Mutalisk  
  21  11:51  Zergling x2  
  24  12:12  Zerg Melee Weapons Level 2  
  25  12:30  Drone x2  
  26  12:39  Infestation Pit  
  26  12:43  Nydus Network  
  23  13:50  Corruptor x2  
  23  13:53  Mutalisk  
  23  13:54  Zergling x2  
  23  13:55  Zergling x4  
  32  14:13  Zergling x2  
  33  14:28  Zergling x2  
  34  15:15  Hydralisk Den  
  34  15:18  Hive  
  33  15:39  Hatchery  
  32  16:16  Zergling x6  
  35  16:41  Extractor  
  35  16:45  Zergling x4  
  37  17:08  Drone x2  
  38  17:29  Zergling x4  
  40  17:36  Extractor  
  39  17:52  Zergling x2  
  39  17:53  Zergling x8  
  32  19:14  Zergling x2  
  32  19:15  Zergling x6  
  36  19:18  Zergling x2  
  36  19:19  Zergling x4  
  39  19:33  Queen  
  39  19:34  Queen  
  43  19:46  Greater Spire  
  43  19:56  Overlord x2  
  43  20:09  Drone  
  44  20:20  Drone  
  44  20:21  Drone x2  
  47  20:26  Drone x3  
  50  20:44  Ultralisk Cavern  
  49  21:03  Brood Lord  
  49  21:04  Brood Lord  
  53  21:08  Brood Lord x2  
  53  21:11  Corruptor  
  57  21:13  Overlord x2  
  57  21:16  Zergling x2  
  60  21:58  Ultralisk x2  
  60  22:01  Overlord  
  72  22:04  Zergling x6  
  73  22:45  Ultralisk  
  73  22:46  Viper  
  73  22:48  Overlord  
  73  22:49  Zergling x2  
  73  22:50  Zergling x2  
  84  23:04  Zerg Flyer Armor Level 1  
  84  23:20  Hatchery  
  83  23:40  Zergling x4  
  83  23:41  Zergling x2  
  86  23:44  Zergling x4  
  85  24:58  Zerg Flyer Weapons Level 1  
  85  25:02  Nydus Canal  
  64  26:12  Mutalisk x3  
  64  26:13  Mutalisk x3  
  73  26:30  Nydus Canal  
  46  27:18  Mutalisk x3  
  46  27:22  Mutalisk x2  
  56  27:32  Drone  
  57  27:46  Hydralisk  
  57  27:47  Hydralisk  
  53  28:16  Mutalisk x2  
  54  28:28  Nydus Canal  
  52  28:53  Mutalisk  
  50  29:09  Mutalisk  
  50  29:19  Hydralisk x2  
  52  29:39  Drone x3  
  55  30:13  Extractor  
  54  30:14  Mutalisk  
  54  30:15  Mutalisk x2  
  49  31:05  Mutalisk  
  39  31:47  Hatchery  
  39  31:49  Drone x3  
  41  32:32  Mutalisk  
  41  32:36  Mutalisk  
  43  32:38  Overlord  
  45  32:49  Zergling x4  
  45  32:50  Zergling x2  
  48  33:21  Nydus Canal  
  48  33:38  Nydus Canal  
  48  33:44  Zergling x6  
  48  33:47  Zergling x4  
  53  33:53  Zergling x2  
  48  34:15  Mutalisk x2  
  50  34:54  Mutalisk  
  50  34:55  Mutalisk x2  
  50  35:31  Mutalisk x2  
  42  36:10  Mutalisk  
  38  36:21  Nydus Canal  
  36  37:01  Queen  
  36  37:24  Mutalisk  
  36  38:12  Mutalisk x2  
  36  38:41  Spawning Pool  
Show
View Real Time Build Order
Export as new Build Order

SI 1 (Bardzo łatwa) Protoss - Winner!

Build Orders:  

Get SALT Encoding   

  12  0:01  Probe (Chrono Boost)  
  13  0:11  Probe (Chrono Boost)  
  14  0:20  Pylon  
  14  0:35  Assimilator  
  14  0:42  Gateway  
  14  0:48  Pylon  
  14  1:15  Assimilator  
  14  1:29  Probe (Chrono Boost), Zealot  
  17  1:33  Cybernetics Core  
  18  1:40  Probe (Chrono Boost)  
  18  1:51  Probe (Chrono Boost)  
  19  2:01  Warp Gate  
  19  2:02  Probe (Chrono Boost)  
  20  2:13  Probe (Chrono Boost)  
  21  2:25  Probe (Chrono Boost)  
  22  2:47  Pylon  
  20  3:14  Probe (Chrono Boost)  
  18  3:20  Gateway  
  18  3:26  Probe (Chrono Boost)  
  16  3:37  Probe (Chrono Boost)  
  15  3:48  Probe (Chrono Boost)  
  13  3:58  Probe (Chrono Boost)  
  13  4:10  Probe (Chrono Boost)  
  13  4:15  Zealot  
  15  4:21  Probe (Chrono Boost)  
  17  4:32  Probe (Chrono Boost)  
  17  4:43  Probe (Chrono Boost), Zealot  
  18  4:55  Probe (Chrono Boost)  
  19  5:05  Probe (Chrono Boost)  
  20  5:16  Probe (Chrono Boost)  
  21  5:26  Probe (Chrono Boost)  
  22  5:56  Stalker  
  23  6:26  Probe (Chrono Boost)  
  24  6:49  Probe (Chrono Boost)  
  24  7:18  Adept, Probe (Chrono Boost)  
  24  7:21  Robotics Facility  
  27  7:25  Nexus  
  28  7:30  Probe (Chrono Boost)  
  28  7:40  Probe (Chrono Boost)  
  29  7:51  Probe (Chrono Boost)  
  30  7:55  Pylon  
  30  8:02  Probe (Chrono Boost)  
  31  8:06  Observer  
  33  8:13  Probe (Chrono Boost)  
  33  8:24  Stalker  
  33  8:26  Observer  
  32  8:40  Probe (Chrono Boost)  
  33  8:45  Probe (Chrono Boost)  
  34  8:48  Assimilator  
  34  8:53  Probe (Chrono Boost)  
  35  9:00  Probe (Chrono Boost)  
  36  9:07  Probe (Chrono Boost)  
  37  9:14  Assimilator, Probe (Chrono Boost)  
  38  9:21  Zealot  
  38  9:22  Probe (Chrono Boost)  
  41  9:29  Probe (Chrono Boost)  
  42  9:37  Probe (Chrono Boost)  
  43  9:43  Probe (Chrono Boost)  
  44  9:50  Probe (Chrono Boost)  
  45  9:57  Probe (Chrono Boost)  
  46  10:04  Probe (Chrono Boost)  
  47  10:12  Probe (Chrono Boost)  
  48  10:18  Adept  
  48  12:52  Warp Prism  
  48  12:55  Stalker  
  48  12:57  Gateway  
  52  12:59  Robotics Bay  
  52  13:02  Stargate  
  52  13:04  Pylon  
  50  13:28  Observer  
  50  13:31  Stalker  
  51  13:36  Nexus  
  51  13:46  Observer Gravitic Boosters  
  51  13:47  Warp Prism, Gateway  
  51  14:06  Zealot  
  53  14:35  Gravitic Drive  
  53  14:36  Immortal  
  57  14:58  Assimilator  
  57  15:01  Assimilator  
  57  17:40  Stalker  
  59  17:59  Immortal  
  59  18:28  Stalker  
  57  18:53  Stalker  
  57  19:12  Immortal  
  61  20:01  Nexus  
  61  21:24  Assimilator  
  61  21:28  Assimilator  
  61  21:52  Void Ray  
  65  22:02  Stargate  
  63  22:29  Void Ray  
  55  22:48  Stargate  
  55  23:07  Fleet Beacon  
  55  23:47  Tempest  
  59  25:36  Stalker  
  61  26:03  Stargate  
  59  26:05  Zealot  
  59  26:11  Gateway  
  59  26:29  Immortal  
  59  26:33  Probe (Chrono Boost)  
  63  26:43  Nexus  
  63  26:47  Pylon  
  63  26:59  Pylon  
  63  27:02  Zealot  
  65  27:23  Pylon  
  65  27:31  Zealot  
  67  27:37  Cybernetics Core  
  67  27:47  Void Ray  
  67  28:02  Pylon  
  63  28:10  Assimilator  
  63  28:14  Assimilator, Stalker  
  65  28:29  Void Ray  
  65  30:37  Zealot  
  57  30:56  Stalker  
  59  31:16  Zealot  
  57  31:29  Void Ray  
  57  32:06  Void Ray  
  61  32:59  Nexus  
  61  33:54  Stalker  
  63  34:09  Stalker  
  65  34:19  Assimilator  
  65  34:21  Assimilator  
  65  34:24  Stalker  
  67  34:39  Sentry  
  69  35:16  Zealot  
  69  36:20  Zealot  
  65  37:22  Stalker  
  65  37:26  Void Ray  
  65  37:42  Immortal  
Tags
 
Add a new tag
Caveats
  • Supply blocks, unpowered buildings, or Contaminate may cause inaccurate times.
  • Supply counts are checked every 10 seconds.